 Dungeon Crawl Stone Soup version 0.22.1-1-ga44c0e5 (webtiles) character file.

221 stevemasterson the Shield-Bearer (level 5, -2/53 HPs)
             Began as a Troll Fighter on Nov 11, 2018.
             Was a Follower of Nemelex Xobeh.
             Killed from afar by an orc wizard (9 damage)
             ... with a puff of frost
             ... on level 3 of the Dungeon.
             The game lasted 00:17:53 (2177 turns).

stevemasterson the Shield-Bearer (Troll Fighter)    Turns: 2177, Time: 00:17:55

Health: -2/53      AC:  5    Str: 25    XL:     5   Next: 65%
Magic:  4/4        EV:  9    Int:  4    God:    Nemelex Xobeh [*.....]
Gold:   177        SH:  9    Dex:  9    Spells: 4/4 levels left

rFire    . . .     SeeInvis .   r - -2 mace (curse)
rCold    . . .     Gourm    +   t - +0 shield
rNeg     . . .     Faith    .   a - +0 robe
rPois    .         Spirit   .   (helmet restricted)
rElec    .         Reflect  .   (no cloak)
rCorr    .         Harm     .   (gloves unavailable)
MR       .....                  (boots unavailable)
Stlth    +.........             (no amulet)
HPRegen  0.57/turn              (no ring)
MPRegen  0.09/turn              (no ring)

@: no status effects
A: large, unfitting armour, claws 3, fast metabolism 3, gourmand, regeneration
1, shaggy fur 1, tough skin 2
a: Renounce Religion


You were on level 3 of the Dungeon.
You worshipped Nemelex Xobeh.
Nemelex Xobeh was aware of your devotion.
You were not hungry.

You visited 1 branch of the dungeon, and saw 4 of its levels.
You also visited: Sewer.

You collected 177 gold pieces.

Inventory:

Hand Weapons
 e - a +0 whip
 f - a +0 club
 h - a +1 short sword of freezing
 i - a +0 dagger
 m - a +0 mace
 n - a +0 mace
 p - a +0 hand axe
 r - a cursed -2 mace (weapon)
 w - a +0 spear
Missiles
 q - 41 bolts
 u - 20 poisoned needles
 A - 4 tomahawks (quivered)
Armour
 a - a +0 robe (worn)
 b - a +1 shield
 j - a +0 robe
 t - a +0 shield (worn)
 v - a +0 leather armour
 y - a +0 ring mail
 B - a +1 leather armour of poison resistance
Wands
 x - a wand of digging (17)
Scrolls
 g - a scroll of amnesia
 o - 2 scrolls of identify
Potions
 k - 2 potions of flight
 s - a potion of curing {unknown}
Miscellaneous
 l - a plain deck of destruction
 z - a plain deck of destruction {drawn: 2}
Comestibles
 d - 4 rations


   Skills:
 + Level 3.1 Fighting
 + Level 1.2 Short Blades
 + Level 0.5 Throwing
 + Level 3.4 Dodging
 + Level 3.4 Shields
 + Level 2.2 Unarmed Combat
 + Level 0.9 Invocations


You had 4 spell levels left.
You didn't know any spells.
Your spell library was empty.

Dungeon Overview and Level Annotations

Branches:
Dungeon (4/15)
 Temple: D:4-7

Altars:
Fedhas
Nemelex Xobeh

Annotations:
D:4 Natasha


Innate Abilities, Weirdness & Mutations

You are too large for most types of armour.
You have claws for hands.
Your metabolism is lightning-fast.
You like to eat raw meat.
Your natural rate of healing is unusually fast.
You are covered in fur. (AC +1)
You have very tough skin. (AC +2)


Message History

The orc wizard flickers and vanishes!
Deactivating autopickup; reactivate with Ctrl-A.
You block the orc's attack. The orc hits you with a dagger.
* * * LOW HITPOINT WARNING * * *
The orc hits you with a flail.
* * * LOW HITPOINT WARNING * * *
Something hits you but does no damage.
You barely miss something. The orc hits you but does no damage.
The orc completely misses you. The orc hits you with a flail.
* * * LOW HITPOINT WARNING * * *
Something hits you.
* * * LOW HITPOINT WARNING * * *
The orc closely misses you.
You barely miss something. You block the orc's attack. x2
The orc hits you but does no damage.
You hear some strange, mumbled words.
A puff of frost appears from out of thin air!
The puff of frost hits you!
You die...
Your body disappears without a glow.

.#.##.....###....#...............
.#.##.....# #..........###...##..
##.######## #.......##.###.......
...# ##......##).##...####
########## ###.#...........####
##......<# #.#.##≈≈.≈≈##....#
##.#####.# #.#.##≈≈.≈≈##.##.#
##..####.#### #{#.≈≈.....≈≈.....
............####@#.≈≈≈....≈≈.##.#
.##'#######....ooo........≈≈.##.#
.#........#..####(.≈≈.≈...≈≈.##÷#
.#........#.## #..≈≈.≈...≈≈.##.#
.#..(.....#.# #..##≈≈≈≈≈##.....
.#........#..####).##≈≈≈≈≈##.....
.#........#..................##.#
.#........#.##.......######.....#
.#........#.##.##.##.# #.......##


You could see 3 orcs.

Vanquished Creatures
  Purgy (D:3)
  3 adders
  A gnoll (D:1)
  A river rat (D:3)
  2 dart slugs
  3 leopard geckos
  An orc (D:3)
  3 ball pythons
  6 giant cockroaches
  6 goblins
  5 hobgoblins
  5 jackals
  8 kobolds
  A quokka (D:2)
  9 bats
  8 frilled lizards
  7 rats
70 creatures vanquished.

Notes
Turn   | Place    | Note
-------+----------+-------------------------------------------
     0 | D:1      | stevemasterson the Troll Fighter began the quest for the
                  | Orb.
     0 | D:1      | Reached XP level 1. HP: 22/22 MP: 0/0
    89 | D:1      | Reached XP level 2. HP: 24/29 MP: 1/1
   353 | D:1      | Reached XP level 3. HP: 36/36 MP: 2/2
  1076 | D:2      | Found a blossoming altar of Fedhas.
  1163 | D:2      | Reached XP level 4. HP: 45/45 MP: 3/3
  1385 | D:3      | Found a glowing drain.
  1589 | D:3      | Found a faded altar of an unknown god.
  1614 | D:3      | Became a worshipper of Nemelex Xobeh the Trickster
  1614 | D:3      | Received a gift from Nemelex Xobeh
  1614 | D:3      | Reached * piety under Nemelex Xobeh
  1720 | Sewer    | Entered a sewer
  1755 | Sewer    | Noticed Purgy
  1791 | D:4      | Noticed Natasha
  1822 | D:3      | HP: 2/45 [Purgy (2)]
  1824 | D:3      | Killed Purgy
  1824 | D:3      | Reached skill level 1 in Short Blades
  1824 | D:3      | Reached XP level 5. HP: 3/53 MP: 4/4
  2094 | D:3      | Received a gift from Nemelex Xobeh
  2177 | D:3      | Killed from afar by an orc wizard

Skill      XL: |  1  2  3  4 |
---------------+-------------+-----
Dodging        | 3 |  3.4
Fighting       | 3 |  3.1
Shields        | 3 |  3.4
Short Blades   | 1 |  1.2
Throwing       | |  0.5
Unarmed Combat | |  2.2
Invocations    | |  0.9

Action                   |  1- 3 |  4- 6 || total
-------------------------+-------+-------++-------
Melee: Unarmed           |    28 |       ||    28
       Short sword       |   108 |   113 ||   221
       Mace              |       |    10 ||    10
Throw: Javelin           |    19 |     2 ||    21
Evoke: Deck              |       |     2 ||     2
  Use: Scroll            |     3 |     6 ||     9
       Potion            |       |     6 ||     6
  Eat: Chunk             |     4 |     2 ||     6
       Ration            |     1 |     3 ||     4
Armor: Robe              |    50 |    73 ||   123
Dodge: Dodged            |    33 |    65 ||    98
Block: Shield            |    59 |   101 ||   160
